 Dungeon Crawl Stone Soup version 0.21.1 (webtiles) character file.

676 hpc the Chopper (level 7, -2/62 HPs)
             Began as a Minotaur Fighter on Feb 2, 2018.
             Slain by a gnoll
             ... wielding a +0 halberd
              (7 damage)
             ... on level 5 of the Dungeon.
             The game lasted 00:05:08 (4425 turns).

hpc the Chopper (Minotaur Fighter)                  Turns: 4425, Time: 00:05:08

Health: -2/62      AC:  8    Str: 21    XL:     7   Next: 33%
Magic:  6/6        EV:  7    Int:  5    God:
Gold:   273        SH: 12    Dex: 11    Spells: 6/6 levels left

rFire    + . .     SeeInvis .   a - +0 war axe
rCold    + . .     Gourm    .   x - +2 shield of Resistance {rF+ rC+ MR+}
rNeg     . . .     Faith    .   b - +0 scale mail
rPois    .         Spirit   .   (helmet restricted)
rElec    .         Reflect  .   (no cloak)
rCorr    .         Harm     .   p - +0 pair of gloves
MR       +....                  (no boots)
Stlth    ..........             (no amulet)
HPRegen  0.20/turn              (no ring)
MPRegen  0.10/turn              (no ring)

@: no status effects
A: retaliatory headbutt, horns 2
a: no special abilities


You were on level 5 of the Dungeon.
You were not hungry.

You visited 1 branch of the dungeon, and saw 5 of its levels.

You collected 273 gold pieces.

Inventory:

Hand Weapons
 a - a +0 war axe (weapon)
Armour
 b - a +0 scale mail (worn)
 p - a +0 pair of gloves (worn)
 x - the +2 shield of Resistance (worn) {rF+ rC+ MR+}
   (You found it on level 4 of the Dungeon)

   It protects you from fire.
   It protects you from cold.
   It affects your resistance to hostile enchantments.
Jewellery
 h - an uncursed ring of protection from magic {unknown}
 m - a +4 ring of intelligence {unknown}
 y - an uncursed ring of resist corrosion {unknown}
 B - an uncursed ring of positive energy {unknown}
Wands
 s - a wand of flame (32)
 w - a wand of acid (8)
Scrolls
 e - 11 scrolls of identify {unknown}
 g - 3 scrolls of fear {unknown}
 j - 5 scrolls of magic mapping {unknown}
 k - 2 scrolls of enchant armour {unknown}
 n - 4 scrolls of teleportation {unknown}
 C - a scroll of amnesia {unknown}
Potions
 d - a potion of might
 i - 3 potions of curing {unknown}
 l - a potion of cancellation {unknown}
 o - a potion of invisibility {unknown}
 q - a potion of resistance {unknown}
 r - a potion of magic {unknown}
 t - 2 potions of flight {unknown}
 u - a potion of berserk rage {unknown}
 v - a potion of agility {unknown}
 z - 3 potions of lignification {unknown}
 D - 2 potions of ambrosia {unknown}
Books
 A - a book of Necromancy

   Spells                             Type                      Level
   a - Pain                           Necromancy                   1
   b - Animate Skeleton               Necromancy                   1
   c - Vampiric Draining              Necromancy                   3
   d - Regeneration                   Charms/Necromancy            3
   e - Animate Dead                   Necromancy                   4
   f - Borgnjor's Vile Clutch         Necromancy/Earth             5
Comestibles
 c - 3 chunks of flesh
 f - 10 rations


   Skills:
 + Level 5.6 Fighting
 * Level 6.5 Axes
 + Level 5.6 Armour
 + Level 5.6 Shields


You had 6 spell levels left.
You didn't know any spells.

Dungeon Overview and Level Annotations

Branches:
Dungeon (5/15)
 Temple: D:4-7

Altars:
Ashenzari
Cheibriados
Elyvilon
Gozag
Hepliaklqana
Okawaru
Qazlal
Ru
Zin
The Shining One

Shops:
D:4 }


Innate Abilities, Weirdness & Mutations

You reflexively headbutt those who attack you in melee.
You have a pair of horns on your head.


Message History

The gnoll is almost dead.
The gnoll hits you from afar with a halberd!
You block the gnoll's attack.
You hit the gnoll.
The gnoll is almost dead.
The gnoll hits you but does no damage. x2
You hit the gnoll.
You kill the gnoll!
You block the gnoll's attack. The gnoll hits you with a halberd!
* * * LOW HITPOINT WARNING * * *
Things that are here:
a spear; a gnoll corpse You completely miss the gnoll.
Your headbutt misses the gnoll. The gnoll hits you with a halberd!
* * * LOW HITPOINT WARNING * * *
You hit the gnoll but do no damage.
You headbutt the gnoll, but do no damage.
The gnoll hits you with a halberd!
You die...

###### #....# #....#
#....# #.(..# ##..
#####....# ....
........<##### .#
.........@g.#### .#
.. ####...[###....#
.# ... #....##.....#
.# ....
##.###..###......S
....[..#####.##..###
..#....
.###...............#
#...##. ##
####...#.....##.#
#..# ..........####
..# #####.).## .#


You could see a gnoll.

Vanquished Creatures
  A scorpion (D:5)
  2 howler monkeys (D:5)
  A hound (D:4)
  3 orc priests
  6 orc wizards
  A gnoll shaman (D:5)
  2 iguanas
  A worker ant (D:5)
  2 gnolls (D:5)
  3 adders
  A shadow imp (D:5)
  2 oozes
  2 dart slugs
  2 leopard geckos
  15 orcs
  A ball python (D:1)
  A giant cockroach (D:3)
  10 goblins
  7 hobgoblins
  2 quokkas
  7 bats
  6 frilled lizards
  7 kobolds
  6 rats
91 creatures vanquished.

Notes
Turn   | Place    | Note
-------+----------+-------------------------------------------
     0 | D:1      | hpc the Minotaur Fighter began the quest for the Orb.
     0 | D:1      | Reached XP level 1. HP: 19/19 MP: 0/0
   161 | D:1      | Reached XP level 2. HP: 27/27 MP: 1/1
   179 | D:1      | Reached skill level 3 in Axes
   673 | D:2      | Reached XP level 3. HP: 14/33 MP: 2/2
  1144 | D:2      | Found an opulent altar of Gozag.
  1858 | D:3      | Found a shattered altar of Ashenzari.
  2121 | D:3      | Reached skill level 4 in Axes
  2121 | D:3      | Reached XP level 4. HP: 33/40 MP: 3/3
  2215 | D:3      | Reached XP level 5. HP: 46/47 MP: 4/4
  2265 | D:3      | Found an iron altar of Okawaru.
  2265 | D:3      | Found a snail-covered altar of Cheibriados.
  2265 | D:3      | Found a hazy altar of Hepliaklqana.
  2266 | D:3      | Found a stormy altar of Qazlal.
  3044 | D:4      | Reached skill level 5 in Axes
  3065 | D:4      | Reached XP level 6. HP: 32/55 MP: 5/5
  3231 | D:4      | Found Upo Ung's Gadget Emporium.
  3265 | D:4      | Found a sacrificial altar of Ru.
  3276 | D:4      | Reached skill level 5 in Fighting
  3276 | D:4      | Reached skill level 5 in Armour
  3276 | D:4      | Reached skill level 5 in Shields
  3596 | D:4      | Found the +2 shield of Resistance {rF+ rC+ MR+}
  3725 | D:5      | Entered Level 5 of the Dungeon
  4123 | D:5      | Found a glowing silver altar of Zin.
  4140 | D:5      | Found a white marble altar of Elyvilon.
  4144 | D:5      | Found a glowing golden altar of the Shining One.
  4166 | D:5      | Reached skill level 6 in Axes
  4174 | D:5      | Reached XP level 7. HP: 56/61 MP: 6/6
  4425 | D:5      | Slain by a gnoll

Skill      XL: |  1  2  3  4  5  6 |
---------------+-------------------+-----
Axes           | 3 4 5 6 |  6.5
Shields        | 4 5 |  5.6
Fighting       | 4 5 |  5.6
Armour         | 4 5 |  5.6

Action                   |  1- 3 |  4- 6 |  7- 9 || total
-------------------------+-------+-------+-------++-------
Melee: War axe           |   112 |   105 |    38 ||   255
       Headbutt          |     6 |    12 |     6 ||    24
  Eat: Chunk             |     4 |     6 |     1 ||    11
Armor: Scale mail        |    43 |    41 |    24 ||   108
Dodge: Dodged            |    30 |    36 |    13 ||    79
Block: Shield            |    67 |    54 |    43 ||   164
